 Dungeon Crawl Stone Soup version 0.22-a0-305-gd21a89c (webtiles) character file.

213 b5mith the Skirmisher (level 5, -4/70 HPs)
             Began as a Minotaur Berserker on Mar 28, 2018.
             Was a Priest of Trog.
             Slain by Sigmund
             ... wielding a +0 scythe
              (8 damage)
             ... on level 3 of the Dungeon.
             The game lasted 00:05:29 (2127 turns).

b5mith the Skirmisher (Minotaur Berserker)          Turns: 2127, Time: 00:05:29

Health: -4/70      AC: 10    Str: 28    XL:     5   Next: 59%
Magic:  4/4        EV: 10    Int:  4    God:    Trog [***...]
Gold:   84         SH:  0    Dex:  9    Spells: 4/4 levels left

rFire    . . .     SeeInvis .   a - +0 falchion
rCold    . . .     Gourm    .   (no shield)
rNeg     . . .     Faith    .   g - +0 chain mail
rPois    .         Spirit   .   (helmet restricted)
rElec    .         Reflect  .   q - +0 cloak
rCorr    .         Harm     .   (no gloves)
MR       .....                  (no boots)
Stlth    ..........             (no amulet)
HPRegen  0.21/turn              (no ring)
MPRegen  0.09/turn              (no ring)

@: berserking (expiring), very quick
A: retaliatory headbutt, horns 2
a: Berserk, Trog's Hand, Renounce Religion


You were on level 3 of the Dungeon.
You worshipped Trog.
Trog was most pleased with you.
You were hungry.

You visited 1 branch of the dungeon, and saw 3 of its levels.

You collected 84 gold pieces.

Inventory:

Hand Weapons
 a - a +0 falchion (weapon)
 b - a +0 hunting sling
 y - a +0 club
Missiles
 e - 2 tomahawks of dispersal (quivered)
 i - 67 sling bullets
 s - 7 tomahawks
Armour
 g - a +0 chain mail (worn)
 k - a +0 animal skin
 q - a +0 cloak (worn)
Jewellery
 m - a +2 ring of strength {unknown}
 o - an uncursed ring of resist corrosion {unknown}
Scrolls
 d - 4 scrolls of identify {unknown}
 f - a scroll of fog {unknown}
 j - 3 scrolls of teleportation {unknown}
 n - a scroll of amnesia {unknown}
 r - a scroll of remove curse {unknown}
 t - a scroll of enchant armour {unknown}
 w - a scroll of magic mapping {unknown}
Potions
 h - 2 potions of brilliance {unknown}
 l - 2 potions of lignification {unknown}
 p - a potion of might
 u - a potion of mutation {unknown}
 v - a potion of curing {unknown}
Comestibles
 c - 2 rations
 x - 8 chunks of flesh


   Skills:
 + Level 4.9 Fighting
 + Level 4.9 Long Blades
 + Level 4.1 Armour
 + Level 3.7 Dodging


You had 4 spell levels left.
You didn't know any spells.

Dungeon Overview and Level Annotations

Branches:
Dungeon (3/15)

Altars:

Annotations:
D:3 Sigmund


Innate Abilities, Weirdness & Mutations

You reflexively headbutt those who attack you in melee.
You have a pair of horns on your head.


Message History

The goblin shouts!
A dart slug comes into view.
A red film seems to cover your vision as you go berserk!
You feel yourself moving faster!
You feel mighty!
You are feeling hungry.
Something tries to affect you, but you resist.
The dart slug launches a dart at you. The slug dart misses you.
You feel a strong urge to attack something.
You hear some strange, mumbled words.
A magic dart appears from out of thin air!
The magic dart hits you!
You slash something! Your headbutt misses something. Something hits you!
* * * LOW HITPOINT WARNING * * *
You miss something. Your headbutt misses something.
The goblin hits you but does no damage.
You closely miss something. The goblin barely misses you.
You completely miss something. Your headbutt misses something.
Something hits you!
You die...

#... ## #.... .#
# #####...## .#
.# #.........
.###... ........
.....#. ...>..^.
.......
#...#####.......
#.....@g.w..?.#
#...######.##.#
#...# # ##.##
#.# #.# ## #.#
.. #.###### #.
#.##...


You could see a dart slug and a goblin.

Vanquished Creatures
  Natasha (thrice) (D:2)
  4 gnolls (D:2)
  3 adders
  A worm (D:2)
  A dart slug (D:1)
  2 leopard geckos
  2 orcs (D:3)
  2 ball pythons (D:2)
  8 bats
  4 giant cockroaches
  4 goblins
  8 hobgoblins
  4 jackals (D:2)
  8 kobolds
  5 frilled lizards
  7 rats
66 creatures vanquished.

Notes
Turn   | Place    | Note
-------+----------+-------------------------------------------
     0 | D:1      | b5mith the Minotaur Berserker began the quest for the Orb.
     0 | D:1      | Reached XP level 1. HP: 19/19 MP: 0/0
   308 | D:1      | Reached XP level 2. HP: 27/27 MP: 1/1
   915 | D:2      | Noticed Natasha
   920 | D:2      | Killed Natasha
   920 | D:2      | Reached XP level 3. HP: 27/33 MP: 2/2
   985 | D:2      | Reached ** piety under Trog
  1028 | D:2      | Reached XP level 4. HP: 27/40 MP: 3/3
  1520 | D:2      | Noticed Natasha
  1527 | D:2      | Killed Natasha
  1527 | D:2      | Reached XP level 5. HP: 47/47 MP: 4/4
  1533 | D:2      | Noticed Natasha
  1539 | D:2      | Killed Natasha
  2073 | D:3      | Reached *** piety under Trog
  2078 | D:3      | Noticed Sigmund
  2124 | D:3      | HP: 3/70 [something (16)]
  2127 | D:3      | Slain by Sigmund

Vault maps used:
D:1:      tarquinn_simple_flora_water_e, minmay_misc_feat_alley,
          serial_bayou_pond_b, serial_bayou_pond_a, hangedman_glass_teeth
D:2:      dk_noncrumbling_4, grunt_ministairs_4, uniq_natasha
D:3:      uniq_sigmund, uniq_robin

Skill      XL: |  1  2  3  4  5 |
---------------+----------------+-----
Fighting       | 4 |  4.9
Long Blades    | 4 |  4.9
Armour         | 3 4 |  4.1
Dodging        | 3 |  3.7

Action                   |  1- 3 |  4- 6 || total
-------------------------+-------+-------++-------
Melee: Falchion          |    71 |    88 ||   159
       Headbutt          |    10 |    18 ||    28
Invok: Berserk           |     1 |     1 ||     2
  Eat: Chunk             |       |     5 ||     5
Armor: Animal skin       |     1 |       ||     1
       Chain mail        |    37 |    40 ||    77
Dodge: Dodged            |    38 |    50 ||    88
       Rpst.: Falchion   |    11 |     9 ||    20

Table legend:
 A = Spawn XP
 B = Non-spawn XP
 C = Spawn XP percentage of total XP
 D = Spawn monster count
 E = Non-spawn monster count
 F = Spawn count percentage of total count
 G = Total turns spent on level
                    A         B        C        D         E        F      G
               +---------+---------+-------+---------+---------+-------+---------
         Total |       0 |     305 |   0.0 |       0 |      66 |   0.0 |  2127
               +---------+---------+-------+---------+---------+-------+---------
           D:1 |       0 |      37 |   0.0 |       0 |      20 |   0.0 |   912
           D:2 |       0 |     240 |   0.0 |       0 |      39 |   0.0 |  1081
           D:3 |       0 |      28 |   0.0 |       0 |       7 |   0.0 |   134
               +---------+---------+-------+---------+---------+-------+---------
